AoeStats
← lE ponk

Arena

504836183Analyzed
1v1 RM · 24d ago on Sep 6, 2026· 36m 4s· 2 players
Game mode
Random Map
Map size
Tiny (2 player)
Population
200
Speed
Normal
Resources
Standard
Victory
Conquest
Starting age
Dark Age
Ending age
Imperial Age
RankedLock teamsTeams togetherTeam positionsShared explorationLock speedFull tech treeHidden civsTurbo modeCheats
Victory
Defeat
🇸🇪 Celts · Sweden
916
+16
🇧🇷 Huns · Brazil
924
-16
lE ponk
10:09 Feudal Age
10:30 Horse Collar
10:36 Double-Bit Axe
12:18 Stone Mining
18:33 Castle Age
18:17 Scale Mail Armor
19:30 Heavy Plow
19:41 Bow Saw
21:47 Gold Mining
22:13 Loom
23:09 Wheelbarrow
28:41 Imperial Age
29:30 Chain Mail Armor
29:26 Forging
30:20 Arson
33:41 Stone Shaft Mining
33:42 Gold Shaft Mining
33:58 Plate Mail Armor
33:36 Elite Woad Raider
36:05 Iron Casting
matheuszagnollii
11:41 Feudal Age
12:51 Double-Bit Axe
12:48 Horse Collar
15:09 Wheelbarrow
15:19 Gold Mining
19:16 Castle Age
20:11 Forging
20:16 Bow Saw
20:17 Heavy Plow
19:57 Man-at-Arms
22:09 Long Swordsman
28:31 Light Cavalry
30:44 Gold Shaft Mining
34:19 Hand Cart
36:46 Imperial Age
Connection lost

Rejoining the realm…

Still unreachable

The connection could not be restored.

Session expired

The server has moved on; the page needs a fresh start.